 Dungeon Crawl Stone Soup version 0.31.0-9-g3a7656b989 (webtiles) character file.

Game seed: 8294761692569920743

8420 Bnni the Slicer (level 11, -35/108 HPs)
             Began as a Tengu Fighter on Feb 1, 2024.
             Was a Priest of Wu Jian.
             Killed from afar by a hell hog (38 damage)
             ... with a fireball
             ... in a Gauntlet.
             The game lasted 00:26:14 (8619 turns).

Bnni the Slicer (Tengu Fighter)                     Turns: 8619, Time: 00:26:14

Health: -35/108    AC: 13    Str: 22    XL:     11   Next: 30%
Magic:  12/12      EV: 14    Int: 10    God:    Wu Jian [***...]
Gold:   136        SH:  5    Dex: 17    Spells: 6/10 levels left

rFire   . . .        A - +2 rapier (speed)
rCold   . . .        c - +0 buckler
rNeg    . . .        s - +0 chain mail
rPois   +            (helmet restricted)
rElec   +            (no cloak)
rCorr   +            d - +2 pair of gloves
SInv    +            (boots unavailable)
Will    .....        n - amulet of regeneration Stlth
                     l - ring "Iroeteut" {^Drain rElec rPois rCorr SInv}
HPRegen 1.18/turn    E - +6 ring of strength
MPRegen 0.13/turn

%: no teleportation, acrobat
@: berserking, flying, very quick
A: beak, talons 3, evasive flight, acrobatic
a: Renounce Religion, Wall Jump, Serpent's Lash


You were in a Gauntlet.
You worshipped Wu Jian.
Wu Jian was most pleased with you.
You visited 2 branches of the dungeon, and saw 12 of its levels.
You visited 1 bazaar.
You also visited: Gauntlet.

You collected 670 gold pieces.
You spent 534 gold pieces at shops.

Inventory:

Hand Weapons
 u - a +2 vampiric short sword
 w - a +2 rapier of venom
 A - a +2 rapier of speed (weapon)
Missiles
 h - 3 poisoned darts (quivered)
Armour
 c - a +0 buckler (worn)
 d - a +2 pair of gloves (worn)
 s - a +0 chain mail (worn)
Jewellery
 l - the ring "Iroeteut" (left hand) {^Drain rElec rPois rCorr SInv}
   (You bought it in a shop in a bazaar)

   [ring of poison resistance]

   rElec:     It insulates you from electricity.
   rPois:     It protects you from poison SInv: It lets you see invisible.
   rCorr:     It protects you from acid and corrosion.
   ^Drain:    It drains your maximum health when unequipped.
 n - an amulet of regeneration (around neck)
 v - a ring of resist corrosion
 E - a +6 ring of strength (right hand)
 H - the amulet "Plog" {Spirit rCorr Str+3 Int+3 Dex-5}
   (You found it in a Gauntlet)

   [amulet of guardian spirit]

   Spirit:    It causes incoming damage to be divided between your reserves of
   health and magic.
   Str+3:     It affects your strength (+3).
   Int+3:     It affects your intelligence (+3).
   Dex-5:     It affects your dexterity (-5).
   rCorr:     It protects you from acid and corrosion.
Wands
 b - a wand of polymorph (8)
 y - a wand of digging (6)
 C - a wand of flame (20)
 F - a wand of charming (7)
 G - a wand of mindburst (7)
Scrolls
 a - 2 scrolls of fear
 e - 2 scrolls of fog
 j - 2 scrolls of blinking
 m - 5 scrolls of teleportation {unknown}
 B - a scroll of silence
 D - a scroll of brand weapon {unknown}
Potions
 f - 6 potions of curing
 g - 4 potions of heal wounds
 i - 2 potions of ambrosia
 k - a potion of berserk rage
 o - a potion of resistance {unknown}
 p - a potion of might
 q - a potion of attraction {unknown}
 r - 3 potions of lignification
 t - a potion of invisibility {unknown}
 x - a potion of haste
 z - a potion of degeneration {unknown}


   Skills:
 + Level 10.3 Fighting
 - Level 14.0 Short Blades
 + Level 5.7 Armour
 + Level 3.9 Dodging
 - Level 4.0 Shields


You had 6 spell levels left.
You knew the following spells:

 Your Spells              Type           Power      Damage    Failure   Level
d - Vhi's Electric Charg  Tloc/Air       0%         N/A       100%        4

Your spell library contained the following spells:

 Spells                   Type           Power      Damage    Failure   Level
 Blink                    Tloc           0%         N/A       99%         2
 Lesser Beckoning         Tloc           0%         N/A       99%         2
 Momentum Strike          Conj/Tloc      0%         3d8       99%         2
 Arcjolt                  Conj/Air       0%         1d10      100%        5
 Plasma Beam              Fire/Air       0%         2x1d10    100%        6


Dungeon Overview and Level Annotations

Branches:
Dungeon (11/15)            Temple (1/1) D:6            Lair (0/5) D:11
Gauntlet (1/1)
    Orc: D:9-12

Altars:
Ashenzari
Cheibriados
Dithmenos
Elyvilon
Fedhas
Gozag
Hepliaklqana
Kikubaaqudgha
Makhleb
Nemelex Xobeh
Okawaru
Qazlal
Ru
Sif Muna
Trog
Uskayaw
Vehumet
Wu Jian
Xom
Yredelemnul
Zin
The Shining One

Shops:
D:4 (   D:9 (

Portals:
Trove: D:11 (give 4 scrolls of fog)

Annotations:
D:8 exclusion: ice statue
D:11 exclusion: 2 oklob plants Gauntlet 7 transporters


Innate Abilities, Weirdness & Mutations

You have a beak for a mouth.
You have claws for feet.
Your magical flight helps you evade attacks. (EV +4)
You can magically evade attacks while moving or waiting.


Message History

The Council accepts your kill. The hell hog breathes fire at you.
The fireball explodes!
The fireball engulfs you!!
Unknown command.
You lunge at the hell hog, in a flurry of attacks.
You puncture the hell hog!
The hell hog is lightly wounded.
You hit the hell hog.
The hell hog is lightly wounded.
The fire bat completely misses you. The hell hound bites you!
* * * LOW HITPOINT WARNING * * *
The hell hog misses you.
The hell hound bites you but does no damage.
Unknown command.
A red film seems to cover your vision as you go berserk!
You feel yourself moving faster!
You feel mighty! The hell hog breathes fire at you.
The fireball explodes!
The fireball engulfs you!!
* * * LOW HITPOINT WARNING * * *
The fireball engulfs the hell hog.
The hell hog completely resists.
The fireball engulfs the fire bat.
The fire bat completely resists.
The fireball engulfs the hell hound.
The hell hound completely resists.
The hell hound misses you. The fire bat completely misses you.
The hell hog bites you but does no damage.
You puncture the hell hog! You claw the hell hog!
The hell hog is moderately wounded.
The hell hound closely misses you. You block the fire bat's attack.
Unknown command.
You hit the hell hog.
The hell hog is heavily wounded.
The fire bat bites you.
* * * LOW HITPOINT WARNING * * *
You are engulfed in flames!
* * * LOW HITPOINT WARNING * * *
Unknown command.
You puncture the hell hog! You claw the hell hog!
The hell hog is severely wounded.
The hell hog breathes fire at you.
The fireball explodes!
The fireball engulfs you!!!
You die...

###########################
#≈............≈∩≈..........
#..........................
#..###########...##########
#..#..=[©.(bh#...#x≈.[©$≈.x
###..#.##...##.#...#.≈.≈...≈x
#8#..#.#.###.#.#...#..≈...≈≈x
#..#..##.##b.#...#.≈.≈≈≈.≈.
#..#....©.@h.#...#≈≈.≈©≈..≈
###..#..##.##h.#...#X.≈...≈.≈
#8#..#.#.###.#.#...#.≈≈.≈≈x≈X
###..#.##...##.#...#.≈..≈.x≈X
#..#.......hh#...#.≈...≈≈xx
###..###########...##########
#8#.....#.©.#....≈....#.©.#..
###...8.#...#...≈8≈...#...#.8
#.....#.©.#....≈....#.©.#..


You could see a hell hog (catching breath), a hell hound and a fire bat.

Vanquished Creatures
  2 two-headed ogres
  An oklob plant (Gauntlet)
  A troll (D:11)
  4 hornets
  Grinder (D:6)
  A wraith (D:10)
  A vampire (D:11)
  2 wyverns
  3 fire bats (Gauntlet)
  A steam dragon (D:8)
  2 vampire mosquitoes (D:11)
  2 acid dragons (Gauntlet)
  2 water moccasins
  Duvessa (D:6)
  A black bear (D:5)
  An ice beast (D:7)
  A sky beast (D:6)
  3 ogres
  4 centaurs
  2 kobold brigands
  Blork the orc (D:5)
  A bullfrog (D:8)
  2 gnoll sergeants
  18 wights
  Dowan (D:6)
  10 killer bees
  4 howler monkeys
  A bombardier beetle (D:4)
  3 hounds
  3 jellies
  An orc priest (D:11)
  2 gnoll boudas
  3 iguanas (D:4)
  4 orc wizards
  Robin (D:3)
  12 adders
  23 gnolls
  A shadow imp (D:5)
  4 white imps
  3 dart slugs
  2 ribbon worms
  11 orcs
  9 endoplasms
  6 giant cockroaches (D:1)
  18 goblins
  14 hobgoblins
  5 jackals
  4 quokkas
  6 ball pythons
  7 bats
  6 frilled lizards
  12 kobolds
  4 rats
238 creatures vanquished.

Notes
Turn   | Place    | Note
-------+----------+-------------------------------------------
     0 | D:1      | Bnni the Tengu Fighter began the quest for the Orb.
     0 | D:1      | Reached XP level 1. HP: 14/14 MP: 2/2
    47 | D:1      | Reached XP level 2. HP: 19/19 MP: 3/3
   172 | D:1      | Reached XP level 3. HP: 23/23 MP: 4/4
   287 | D:1      | Reached skill level 3 in Short Blades
   890 | D:2      | Reached XP level 4. HP: 27/28 MP: 5/5
  1142 | D:2      | Found a radiant altar of Vehumet.
  1572 | D:3      | Noticed Robin
  1578 | D:3      | Killed Robin
  1603 | D:3      | Reached skill level 4 in Short Blades
  1604 | D:3      | Reached XP level 5. HP: 22/33 MP: 6/6
  2089 | D:4      | Noticed a water moccasin
  2101 | D:4      | Killed a water moccasin
  2102 | D:4      | Reached skill level 5 in Short Blades
  2102 | D:4      | Reached XP level 6. HP: 14/39 MP: 7/7
  2308 | D:4      | Reached skill level 6 in Short Blades
  2338 | D:4      | Found an iron altar of Okawaru.
  2338 | D:4      | Found a basalt altar of Yredelemnul.
  2369 | D:4      | Gained mutation: Your magical flight helps you evade
                  | attacks. (EV +4) [Tengu growth]
  2369 | D:4      | Reached XP level 7. HP: 31/44 MP: 8/8
  2484 | D:4      | Found Habi's Antique Weapon Boutique.
  2529 | D:4      | Reached skill level 5 in Fighting
  2579 | D:4      | Found a glowing golden altar of the Shining One.
  2611 | D:4      | Found a sacrificial altar of Ru.
  2730 | D:4      | Bought a runed rapier for 189 gold pieces
  2746 | D:5      | Entered Level 5 of the Dungeon
  2823 | D:5      | Reached skill level 7 in Short Blades
  2835 | D:5      | Noticed Blork the orc
  2881 | D:5      | Killed Blork the orc
  2882 | D:5      | Reached XP level 8. HP: 41/51 MP: 9/9
  2971 | D:5      | Reached skill level 8 in Short Blades
  2983 | D:5      | Found a bloodstained altar of Trog.
  3435 | D:6      | Found a staircase to the Ecumenical Temple.
  3440 | Temple   | Entered the Ecumenical Temple
  3478 | Temple   | Became a worshipper of the Wu Jian Council
  3799 | D:6      | Reached skill level 9 in Short Blades
  3847 | D:6      | Noticed Duvessa
  3855 | D:6      | Noticed Dowan
  3859 | D:6      | Killed Duvessa
  3860 | D:6      | Reached XP level 9. HP: 39/56 MP: 10/10
  3864 | D:6      | Killed Dowan
  3865 | D:6      | Reached skill level 10 in Short Blades
  3941 | D:6      | Noticed Grinder
  3956 | D:6      | Killed Grinder
  4226 | D:6      | Reached * piety under Wu Jian
  4232 | D:6      | Learned a level 4 spell: Vhi's Electric Charge
  4329 | D:7      | Found a white marble altar of Elyvilon.
  4378 | D:7      | Found a stormy altar of Qazlal.
  4545 | D:7      | Reached skill level 11 in Short Blades
  5465 | D:8      | Reached skill level 12 in Short Blades
  5594 | D:8      | Reached XP level 10. HP: 56/65 MP: 11/11
  5859 | D:8      | Noticed an ice statue
  6155 | D:9      | Reached ** piety under Wu Jian
  6283 | D:9      | Found a sparkling altar of Nemelex Xobeh.
  6287 | D:9      | Noticed a two-headed ogre
  6296 | D:9      | Killed a two-headed ogre
  6488 | D:9      | Found Xosalur's Weapon Shop.
  6800 | D:9      | Reached skill level 13 in Short Blades
  6811 | D:9      | Found a burning altar of Makhleb.
  7114 | D:10     | Entered Level 10 of the Dungeon
  7900 | D:11     | Noticed a boulder beetle
  8021 | D:11     | Reached skill level 1 in Dodging
  8116 | D:11     | Found a staircase to the Lair.
  8116 | D:11     | Noticed an oklob plant
  8117 | D:11     | Noticed an oklob plant
  8121 | D:11     | Found a flickering gateway to a bazaar.
  8128 | D:11     | Noticed a two-headed ogre
  8130 | Bazaar   | Entered a bazaar
  8132 | Bazaar   | Found Soalloge's Distillery.
  8137 | Bazaar   | Found Dikufuek's Antique Weapon Shoppe.
  8166 | Bazaar   | Found Voiphaag's Antique Armour Shop.
  8175 | Bazaar   | Found Pynul's Jewellery Shop.
  8186 | Bazaar   | Bought the ring "Iroeteut" {^Drain rElec rPois rCorr SInv}
                  | for 305 gold pieces
  8214 | Bazaar   | Bought a potion of might for 40 gold pieces
  8240 | D:11     | Killed a two-headed ogre
  8241 | D:11     | Reached skill level 14 in Short Blades
  8241 | D:11     | Reached XP level 11. HP: 56/72 MP: 12/12
  8278 | D:11     | Found a portal to a secret trove of treasure.
  8326 | D:11     | Found a gate leading to a gauntlet.
  8335 | Gauntlet | Entered a Gauntlet
  8335 | Gauntlet | Found a transporter.
  8335 | Gauntlet | Found a transporter.
  8336 | Gauntlet | Found a transporter.
  8336 | Gauntlet | Found a transporter.
  8336 | Gauntlet | Noticed a fire crab
  8339 | Gauntlet | Found a transporter.
  8339 | Gauntlet | Found a transporter.
  8349 | Gauntlet | Found a transporter.
  8353 | Gauntlet | Found a transporter.
  8360 | Gauntlet | Noticed a large abomination
  8361 | Gauntlet | Noticed a large abomination
  8363 | Gauntlet | Found a transporter.
  8465 | Gauntlet | Noticed an oklob plant
  8466 | Gauntlet | Found a transporter.
  8470 | Gauntlet | Found a transporter.
  8477 | Gauntlet | Noticed a hell hog
  8480 | Gauntlet | Found a transporter.
  8533 | Gauntlet | Reached skill level 10 in Fighting
  8533 | Gauntlet | Reached skill level 5 in Armour
  8544 | Gauntlet | Reached *** piety under Wu Jian
  8556 | Gauntlet | Identified the amulet "Plog" {Spirit rCorr Str+3 Int+3
                  | Dex-5}
  8597 | Gauntlet | Killed an oklob plant
  8618 | Gauntlet | HP: 3/108 [fire bat (8)]
  8619 | Gauntlet | Killed from afar by a hell hog

Illustrated notes

Levels and vault maps discovered:
D:1:      moated_graveyard_arrival, layout_basic, minmay_liquid_box,
          minmay_worlds_worst_comb
D:2:      layout_loops_ring, basic_altar, kennysheep_generic_room_13
D:3:      layout_rooms, st_stairs_9, uniq_robin
D:4:      layout_rooms, gammafunk_temple_overflow_wave, lemuel_crystal_altar,
          nicolae_ru_path_of_blood, serial_shops, kennysheep_little_box
D:5:      layout_basic, trog_three_pillars_becter, uniq_blork_the_orc
D:6:      layout_rooms, minmay_temple_entry_overgrown, serial_curves,
          eino_curves_01, eino_curves_01, nrook_campfire, uniq_grinder,
          uniq_duvessa
D:7:      layout_gridville, elyvilon_altar_3, old_standard_altar
D:8:      minmay_statue_hallways, layout_basic
D:9:      layout_loops_corners, kennysheep_mini_moat,
          mainiacjoe_overflow_chevrons, serial_shops, shop
D:10:     layout_basic
D:11:     layout_cave_pods, dpeg_oklobed_lair, gauntlet_entry_generic,
          enter_trove_3, serial_shops, bzr_in_the_mist
Temple:   nicolae_temple_figure_eight
Gauntlet: gammafunk_gauntlet_hard_choice [gammafunk_gauntlet_arena_teeth,
          nicolae_gauntlet_arena_blocks, gammafunk_gauntlet_arena_mazey,
          gammafunk_gauntlet_arena_hedges, gammafunk_gauntlet_arena_corners,
          nicolae_gauntlet_arena_flowing_pool, gauntlet_exit_green]

Skill      XL: |  1  2  3  4  5  6  7  8  9 10 11 |
---------------+----------------------------------+-----
Short Blades   | 3 4 5 6 7 9 12 14 | 14.0
Shields        | 4 |  4.0
Fighting       | 4 5 6 8 9 10 | 10.3
Dodging        | 2 3 |  3.9
Armour         | 4 5 |  5.7

Action                     |  1- 3 |  4- 6 |  7- 9 | 10-12 || total
---------------------------+-------+-------+-------+-------++-------
  Melee: Rapier            |   102 |    73 |   298 |   288 ||   761
         Peck              |    13 |    19 |    75 |    79 ||   186
         Kick              |    17 |    43 |    97 |   101 ||   258
         Short sword       |       |    58 |    12 |     4 ||    74
  Throw: Dart              |       |       |       |     2 ||     2
Ability: Lunge             |       |       |    13 |    19 ||    32
         Whirlwind         |       |       |       |     7 ||     7
  Evoke: Wand              |       |       |       |     2 ||     2
    Use: Potion            |       |     1 |     3 |     1 ||     5
         Scroll            |       |       |     9 |     5 ||    14
 Armour: Scale mail        |    42 |    52 |    96 |       ||   190
         Chain mail        |       |       |    22 |    89 ||   111
  Dodge: Dodged            |    53 |    58 |   123 |    84 ||   318
  Block: Buckler           |    18 |    24 |    67 |    40 ||   149
